 Dungeon Crawl Stone Soup version 0.30-a0-219-gf2db51d15e (webtiles) character file.

Game seed: 15607056232512094

870 Iusername the Covered (level 7, 0/61 HPs)
             Began as a Minotaur Fighter on Oct 7, 2022.
             Was an Initiate of Qazlal.
             Slain by a gnoll sergeant
             ... wielding a +1 vorpal trident
              (10 damage)
             ... on level 5 of the Dungeon.
             The game lasted 00:06:30 (4410 turns).

Iusername the Covered (Minotaur Fighter)            Turns: 4410, Time: 00:06:31

Health: 0/61       AC: 11    Str: 23    XL:     7   Next: 73%
Magic:  6/6        EV: 10    Int:  5    God:    Qazlal [......]
Gold:   224        SH:  5    Dex:  9    Spells: 6/6 levels left

rFire   . . .      SeeInvis .    a - +0 trident
rCold   . . .      Faith    .    c - +0 buckler
rNeg    . . .      Spirit   .    b - +0 scale mail
rPois   .          Reflect  .    (helmet restricted)
rElec   .          Harm     .    k - +1 cloak
rCorr   .          Rampage  .    j - +0 pair of gloves
Will    .....                    (no boots)
Stlth   ..........               (no amulet)
HPRegen 0.30/turn                (no ring)
MPRegen 0.10/turn                (no ring)

@: no status effects
A: horns 2, retaliatory headbutt
a: Renounce Religion


You were on level 5 of the Dungeon.
You worshipped Qazlal.
Qazlal was noncommittal.
You visited 2 branches of the dungeon, and saw 6 of its levels.

You collected 224 gold pieces.

Inventory:

Hand Weapons
 a - a +0 trident (weapon)
Missiles
 r - a throwing net (quivered)
Armour
 b - a +0 scale mail (worn)
 c - a +0 buckler (worn)
 j - a +0 pair of gloves (worn)
 k - a +1 cloak (worn)
Jewellery
 o - a ring of protection from cold
Wands
 p - a wand of charming (3)
Scrolls
 d - a scroll of identify
 e - 2 scrolls of fear
 f - 2 scrolls of teleportation
 i - a scroll of fog
 l - a scroll of silence {unknown}
 m - a scroll of brand weapon {unknown}
 q - 2 scrolls of magic mapping
Potions
 g - a potion of magic {unknown}
 h - 2 potions of attraction {unknown}


   Skills:
 + Level 5.2 Fighting
 + Level 6.1 Polearms
 + Level 7.3 Armour
 + Level 1.9 Dodging
 + Level 0.4 Stealth
 + Level 5.4 Shields
 + Level 0.2 Evocations


You had 6 spell levels left.
You didn't know any spells.
Your spell library contained the following spells:

 Spells                   Type           Power      Damage    Failure   Level
 Slow                     Hex            0%         N/A       83%         1
 Call Canine Familiar     Summ           0%         N/A       99%         3
 Confusing Touch          Hex            0%         N/A       99%         3
 Portal Projectile        Hex/Tloc       0%         N/A       99%         3
 Vampiric Draining        Necr           0%         2d6       99%         3
 Animate Dead             Necr           0%         N/A       100%        4
 Leda's Liquefaction      Hex/Erth       0%         N/A       100%        4
 Borgnjor's Vile Clutch   Necr/Erth      0%         N/A       100%        5
 Death Channel            Necr           0%         N/A       100%        6


Dungeon Overview and Level Annotations

Branches:
Dungeon (5/15)             Temple (1/1) D:4

Altars:
Cheibriados
Dithmenos
Elyvilon
Fedhas
Hepliaklqana
Kikubaaqudgha
Makhleb
Nemelex Xobeh
Okawaru
Qazlal
Ru
Sif Muna
Uskayaw
Vehumet
Wu Jian
Xom
Yredelemnul
The Shining One


Innate Abilities, Weirdness & Mutations

You have a pair of horns on your head.
You reflexively headbutt those who attack you in melee.


Message History

Your Polearms skill increases to level 6!
Unknown command.
Items here: )) ††.
Unknown command.
You see here a +1 cloak.
k - a +1 cloak You start putting on your armour.
You continue putting on your +1 cloak. x4
You finish putting on your +1 cloak.
You start resting.
A gnoll sergeant comes into view. It is wielding a +1 vorpal trident.
A gnoll sergeant is nearby!
A gnoll sergeant is nearby!
The gnoll sergeant shouts!
A gnoll comes into view. It is wielding a +0 spear.
The gnoll sergeant hits you but does no damage.
You hit the gnoll sergeant but do no damage.
Your headbutt misses the gnoll sergeant.
The gnoll sergeant closely misses you.
You hit the gnoll sergeant.
The gnoll sergeant is moderately wounded.
The gnoll hits you from afar with a +0 spear.
The gnoll hits you with a +0 spear.
The gnoll sergeant hits you but does no damage.
A gnoll comes into view. It is wielding a +0 whip.
You barely miss the gnoll.
The gnoll shouts!
The gnoll hits you but does no damage. The gnoll sergeant closely misses you.
You barely miss the gnoll. The gnoll hits you but does no damage.
The gnoll sergeant hits you with a +1 vorpal trident.
The gnoll closely misses you. The gnoll misses you.
The gnoll sergeant hits you with a +1 vorpal trident!
* * * LOW HITPOINT WARNING * * *
x2 You hit the gnoll but do no damage.
You block the gnoll's attack. The gnoll sergeant barely misses you.
The gnoll hits you with a +0 whip.
* * * LOW HITPOINT WARNING * * *
You hit the gnoll.
The gnoll is moderately wounded.
The gnoll closely misses you.
The gnoll sergeant hits you with a +1 vorpal trident!
You die...

.......+ #.....#
##.....######
#....<......#
#...........#
#...........#
#........)..####.#
##+#..)g.g.......#
#......@g).######
#.....####...#
#.....# ...#
#.....# ...#
#.#.... .....
#.###### ...... #
....... ...##..


You could see a gnoll sergeant and 2 gnolls.

Vanquished Creatures
  Sigmund (D:4)
  Edmund (D:4)
  An ogre (D:4)
  A phantom (D:4)
  A centaur (D:5)
  A scorpion (D:4)
  3 hounds (D:4)
  An orc priest (D:5)
  Natasha (D:2)
  2 gnolls
  6 adders
  A worm (D:3)
  3 dart slugs
  13 orcs
  2 endoplasms (D:1)
  5 giant cockroaches
  2 goblins
  9 hobgoblins
  7 jackals
  2 quokkas
  9 ball pythons
  2 bats (D:1)
  4 frilled lizards
  5 kobolds
  9 rats
92 creatures vanquished.

Vanquished Creatures (collateral kills)
  An orc wizard (D:4)
  An ufetubus (D:4)
2 creatures vanquished.

Vanquished Creatures (others)
  A hobgoblin (D:4)
1 creature vanquished.

Grand Total: 95 creatures vanquished

Notes
Turn   | Place    | Note
-------+----------+-------------------------------------------
     0 | D:1      | Iusername the Minotaur Fighter began the quest for the Orb.
     0 | D:1      | Reached XP level 1. HP: 19/19 MP: 0/0
   115 | D:1      | Reached XP level 2. HP: 27/27 MP: 1/1
   175 | D:1      | Reached skill level 4 in Armour
   588 | D:1      | Found a faded altar of an unknown god.
   592 | D:1      | Reached XP level 3. HP: 33/33 MP: 2/2
  1118 | D:2      | Noticed Natasha
  1126 | D:2      | Killed Natasha
  1127 | D:2      | Reached XP level 4. HP: 36/41 MP: 3/3
  2213 | D:4      | Noticed an ogre
  2218 | D:4      | HP: 1/41 [ogre/+0 giant spiked club (13)]
  2245 | D:4      | Reached XP level 5. HP: 18/47 MP: 4/4
  2264 | D:4      | Killed an ogre
  2265 | D:4      | Reached skill level 5 in Armour
  2800 | D:4      | Noticed Sigmund
  2814 | D:4      | Reached XP level 6. HP: 23/53 MP: 5/5
  2836 | D:4      | Killed Sigmund
  2837 | D:4      | Reached skill level 5 in Polearms
  2837 | D:4      | Reached skill level 6 in Armour
  2837 | D:4      | Reached skill level 1 in Dodging
  3211 | D:4      | Noticed Edmund
  3227 | D:4      | Killed Edmund
  3228 | D:4      | Reached skill level 5 in Fighting
  3228 | D:4      | Reached skill level 5 in Shields
  3228 | D:4      | Reached XP level 7. HP: 33/61 MP: 6/6
  3931 | D:4      | Found a staircase to the Ecumenical Temple.
  3956 | Temple   | Entered the Ecumenical Temple
  4048 | Temple   | Became a worshipper of Qazlal Stormbringer
  4245 | D:4      | Reached skill level 7 in Armour
  4346 | D:5      | Entered Level 5 of the Dungeon
  4410 | D:5      | Slain by a gnoll sergeant

Illustrated notes

Levels and vault maps discovered:
D:1:      doesnt_arrival_eight_statues, layout_loops_ring,
          shapermc_ecumenical_altar_hornbeckon
D:2:      layout_basic, uniq_natasha
D:3:      layout_basic, corexii_corridor_pit
D:4:      layout_basic, minmay_temple_entry_junction, cheibrodos_gnoll_hut,
          uniq_sigmund, uniq_edmund
D:5:      layout_basic
Temple:   compressed_dpeg_circular_temple

Skill      XL: |  1  2  3  4  5  6  7 |
---------------+----------------------+-----
Armour         | 4 5 6 7 |  7.3
Fighting       | 4 5 |  5.2
Shields        | 4 5 |  5.4
Polearms       | 3 4 5 6 |  6.1
Dodging        | 1 |  1.9
Stealth        | |  0.4
Evocations     | |  0.2

Action                   |  1- 3 |  4- 6 |  7- 9 || total
-------------------------+-------+-------+-------++-------
Melee: Trident           |    85 |   119 |    89 ||   293
       Headbutt          |    11 |     6 |    11 ||    28
Evoke: Wand              |       |     3 |       ||     3
  Use: Scroll            |       |     7 |       ||     7
       Potion            |       |     5 |       ||     5
Armor: Scale mail        |    25 |    43 |    38 ||   106
       Skin              |       |    19 |       ||    19
Dodge: Dodged            |    31 |    47 |    50 ||   128
Block: Buckler           |     9 |    24 |    15 ||    48

Table legend: (Time is in decaauts)
 A = Elapsed time spent in this place.
 B = Non-inter-level travel time spent in this place.
 C = Inter-level travel time spent in this place.
 D = Time resting spent in this place.
 E = Time spent auto-exploring this place.
 F = Levels seen in this place.
 G = Mean time per level.
                   A        B        C        D        E       F      G
               +--------+--------+--------+--------+--------+-----+--------+
         Total |   4457 |   4359 |     98 |   1339 |   2310 |   6 |  742.8 |
       Dungeon |   4345 |   4247 |     98 |   1339 |   2254 |   5 |  869.0 |
        Temple |    111 |    111 |      0 |      0 |     56 |   1 |  111.0 |
               +--------+--------+--------+--------+--------+-----+--------+

Top non-repeatable levels by time:
     D:4: 2046 daAuts
     D:2: 836 daAuts
     D:1: 715 daAuts
     D:3: 681 daAuts
  Temple: 111 daAuts
     D:5: 64 daAuts
